 Dungeon Crawl Stone Soup version 0.31.0-9-g3a7656b989 (webtiles) character file.

Game seed: 9216105123967828481

354 qw the Shooter (level 6, 0/30 HPs)
             Began as a Spriggan Hunter on Feb 2, 2024.
             Succumbed to Sigmund's poison
             ... on level 5 of the Dungeon.
             The game lasted 00:00:06 (1586 turns).

qw the Shooter (Spriggan Hunter)                    Turns: 1586, Time: 00:00:07

Health: 0/30       AC:  3    Str:  7    XL:     6   Next: 35%
Magic:  7/7        EV: 21    Int: 10    God:
Gold:   134        SH:  5    Dex: 21    Spells: 5/5 levels left

rFire   . . .        a - +0 shortbow
rCold   . . .        (shield currently unavailable)
rNeg    . . .        c - +0 robe
rPois   .            (helmet restricted)
rElec   .            f - +0 cloak
rCorr   .            (gloves unavailable)
SInv    +            (boots unavailable)
Will    +....        b - amulet of reflection
Stlth   ++           (no ring)
HPRegen 0.25/turn    (no ring)
MPRegen 0.10/turn

%: reflection
@: lethally poisoned (0 -> -6), very quick
A: very small, no large weapons, unfitting armour, see invisible, speed 3
a: no special abilities


You were on level 5 of the Dungeon.
You visited 1 branch of the dungeon, and saw 5 of its levels.

You collected 134 gold pieces.


Innate Abilities, Weirdness & Mutations

You are very small and have problems with some larger weapons.
You are too small for most types of armour.
You have supernaturally acute eyesight. (SInv)
You cover ground extremely quickly. (Speed+++)


   Skills:
 - Level 2.0 Fighting
 - Level 6.6 Ranged Weapons
 + Level 5.4 Dodging
 - Level 1.5 Stealth


You had 5 spell levels left.
You didn't know any spells.
Your spell library was empty.

Inventory:

Hand Weapons
 a - a +0 shortbow (weapon)
Armour
 c - a +0 robe (worn)
 f - a +0 cloak (worn)
Jewellery
 b - an amulet of reflection (around neck)
Potions
 d - 3 potions of curing
 h - a potion of enlightenment {unknown}
 k - a potion of berserk rage {unknown}
 l - a potion of brilliance {unknown}

Dungeon Overview and Level Annotations

Branches:
Dungeon (6/15)
 Temple: D:4-7

Altars:

Annotations:
D:5 Sigmund


Message History

You hear the slow rusting of a very distant drain. x2
HP restored.
An adder comes into view.
Found an escape hatch in the ceiling.
You shoot an arrow. The arrow hits the adder!
The adder hisses angrily.
The adder is almost dead.
You shoot an arrow. The arrow hits the adder.
You kill the adder!
There is a stone staircase leading down here.
There is an escape hatch in the ceiling here.
You open the door.
Found a dyed leather armour.
There is an open door here.
You open the door.
There is an open door here.
You hear the rusting of a very distant drain.
As you open the door, it creaks loudly!
Sigmund the Dreaded comes into view.
He is wielding a +2 scythe of venom.
Sigmund shouts!
Sigmund hits you from afar with a +2 scythe of venom!
You are poisoned.
You shoot an arrow. The arrow hits Sigmund!
Sigmund is moderately wounded.
You feel very sick. Sigmund casts a spell at you. The puff of flame hits you.
You shoot an arrow.
The arrow hits Sigmund but does no damage.
Sigmund is moderately wounded.
You feel very sick. Sigmund misses you.
You shoot an arrow. The arrow hits Sigmund.
Sigmund is heavily wounded.
You feel sick.
You shoot an arrow. The arrow hits Sigmund.
Sigmund is heavily wounded.
You feel sick. Sigmund misses you.
You shoot an arrow. The arrow barely misses Sigmund.
You die...

#.######+##
..........#
..........#
..........#
..........#
..........#
###.####.######
#############.>....#
......'@...........##
.....@#.............#
#########..######...#
####..###..##..##<.##
+.......#...#[.'....#
#.......'...'..#....#
##..##.##############
###..##.###
..........#


You could see Sigmund.

Vanquished Creatures
  Prince Ribbit (D:5)
  An orc priest (D:6)
  3 orc wizards
  An adder (D:5)
  A dart slug (D:1)
  5 orcs
  4 ball pythons
  2 endoplasms
  A giant cockroach (D:2)
  9 hobgoblins
  4 jackals (D:1)
  3 kobolds (D:2)
  7 bats
  2 frilled lizards
  A goblin (D:1)
  3 rats
48 creatures vanquished.

Notes
Turn   | Place    | Note
-------+----------+-------------------------------------------
     0 | D:1      | qw the Spriggan Hunter began the quest for the Orb.
     0 | D:1      | Reached XP level 1. HP: 10/10 MP: 2/2
     0 | D:1      | 0 ||| qw: Version: 0.3-a-155-g5e7d8dd
     0 | D:1      | 0 ||| qw: Game counter: 1224
     0 | D:1      | 0 ||| qw: Melee chars always use a shield: true
     0 | D:1      | 0 ||| qw: God list: Okawaru
     0 | D:1      | 0 ||| qw: Allow faded altars: false
     0 | D:1      | 0 ||| qw: Do Orc after clearing Dungeon:15 true
     0 | D:1      | 0 ||| qw: Do second Lair branch before Depths: true
     0 | D:1      | 0 ||| qw: Lair rune preference: random
     0 | D:1      | 0 ||| qw: Goals: Normal
     0 | D:1      | 0 ||| PLANNING D:1-11
    79 | D:1      | Reached skill level 3 in Dodging
   169 | D:1      | Reached XP level 2. HP: 14/14 MP: 3/3
   229 | D:1      | Found a faded altar of an unknown god.
   525 | D:1      | 525 ||| UPGRADING to amulet of regeneration.
   530 | D:1      | 530 ||| READING scroll labelled ETOZAONU KACIDD.
   531 | D:1      | 531 ||| READING scroll labelled TYTWOT WANO.
   532 | D:1      | 532 ||| READING scroll labelled QARAH JIUVONI.
   536 | D:1      | 536 ||| DRINKING 2 fuming emerald potions.
   564 | D:1      | 564 ||| DRINKING 3 bubbling grey potions.
   565 | D:1      | 565 ||| DROPPING scroll of butterflies.
   566 | D:1      | 566 ||| DROPPING potion of lignification.
   567 | D:1      | 567 ||| DROPPING 2 potions of degeneration.
   588 | D:2      | Reached XP level 3. HP: 18/18 MP: 4/4
  1068 | D:2      | 1068 ||| UPGRADING to +0 cloak.
  1073 | D:2      | 1073 ||| UPGRADING to amulet of reflection.
  1083 | D:2      | 1083 ||| DROPPING amulet of regeneration.
  1084 | D:2      | 1084 ||| READING scroll labelled EVOQIM QAURCH.
  1085 | D:2      | 1085 ||| READING scroll labelled IME WOYFOOHEF.
  1086 | D:2      | 1086 ||| READING scroll labelled BYAQOI WOSTUSK.
  1187 | D:2      | 1187 ||| DRINKING 2 fuming purple potions.
  1297 | D:3      | You fall into a shaft and drop 3 floors!
  1308 | D:6      | Identified the +0 rapier "Teptoudgh" {flame, rF++ Int+2}
  1318 | D:6      | Reached skill level 5 in Ranged Weapons
  1318 | D:6      | Reached XP level 4. HP: 22/22 MP: 5/5
  1364 | D:5      | Entered Level 5 of the Dungeon
  1365 | D:5      | 1365 ||| PLANNING SEWER
  1381 | D:5      | Reached XP level 5. HP: 15/26 MP: 6/6
  1449 | D:5      | Noticed Prince Ribbit
  1455 | D:5      | HP: 4/26 [Prince Ribbit (14)]
  1465 | D:5      | Killed Prince Ribbit
  1466 | D:5      | Reached skill level 6 in Ranged Weapons
  1466 | D:5      | Reached XP level 6. HP: 8/30 MP: 7/7
  1581 | D:5      | Noticed Sigmund
  1583 | D:5      | HP: 5/30 [poisoned by Sigmund]
  1585 | D:5      | HP: 1/30 [poisoned by Sigmund]
  1586 | D:5      | Succumbed to Sigmund's poison

Levels and vault maps discovered:
D:1:      minmay_arrival_four_houses, layout_rooms,
          shapermc_ecumenical_altar_pompeii
D:2:      layout_basic, minmay_pentomino_z4
D:3:      layout_loops_corners
D:5:      layout_gridville, mainiacjoe_overflow_boulevard, gup_sewer_entry_pipe,
          uniq_sigmund, uniq_prince_ribbit1
D:6:      layout_loops_cross, minmay_temple_entry_gardened_gates

Skill      XL: |  1  2  3  4  5 |
---------------+----------------+-----
Dodging        | 3 4 5 |  5.4
Ranged Weapons | 5 6 |  6.6
Fighting       | 2 |  2.0
Stealth        | |  1.5

Action                     |  1- 3 |  4- 6 || total
---------------------------+-------+-------++-------
   Fire: Shortbow          |    97 |    57 ||   154
    Use: Scroll            |     6 |       ||     6
         Potion            |     3 |       ||     3
 Armour: Robe              |    12 |    11 ||    23
  Dodge: Dodged            |    27 |    28 ||    55
  Block: Other             |     2 |    10 ||    12
         Reflection        |     1 |     1 ||     2

Table legend:
 A = Non-vault XP
 B = Vault XP
 C = Vault XP percentage of total XP
 D = Non-vault monster count
 E = Vault monster count
 F = Vault count percentage of total count
                 A         B        C        D         E       F
            +---------+---------+-------+---------+---------+-------
      Total |     235 |     272 |  53.6 |      43 |       5 |  10.4
            +---------+---------+-------+---------+---------+-------
        D:1 |      35 |       0 |   0.0 |      20 |       0 |   0.0
        D:2 |      20 |       8 |  28.6 |      12 |       4 |  25.0
        D:3 |       2 |       0 |   0.0 |       1 |       0 |   0.0
        D:5 |      94 |     264 |  73.7 |       6 |       1 |  14.3
        D:6 |      84 |       0 |   0.0 |       4 |       0 |   0.0
            +---------+---------+-------+---------+---------+-------
